 Dungeon Crawl Stone Soup version 0.17.1-1-g73c8601 (webtiles) character file.

263 Fyery the Charmwright (level 5, -3/36 HPs)
             Began as a High Elf Skald on Jan 3, 2016.
             Was an Initiate of Okawaru.
             Killed from afar by an orc wizard (9 damage)
             ... with a puff of flame
             ... on level 4 of the Dungeon.
             The game lasted 00:24:16 (3870 turns).

Fyery the Charmwright (High Elf Skald)              Turns: 3870, Time: 00:24:19

Health: -3/36      AC:  5    Str: 12    XL:     5   Next: 98%
Magic:  8/12       EV: 11    Int: 15    God:    Okawaru [......]
Gold:   205        SH:  0    Dex: 15    Spells: 4 memorised, 3 levels left

rFire  . . .     SeeInvis .     a - +0 falchion
rCold  . . .     Clarity  .     b - +0 leather armour
rNeg   . . .     SustAt   .     (no shield)
rPois  .         Gourm    .     j - +0 helmet
rElec  .         Spirit   .     v - +0 cloak
rCorr  .         Warding  .     (no gloves)
rMut   .         Stasis   .     (no boots)
MR     .....                    (no amulet)
Stlth  +.........               (no ring)
                                (no ring)

@: regenerating, not resistant to hostile enchantments, very unstealthy
A: no striking features
a: Renounce Religion


You were on level 4 of the Dungeon.
You worshipped Okawaru.
Okawaru was noncommittal.
You were hungry.

You visited 1 branch of the dungeon, and saw 4 of its levels.

You collected 205 gold pieces.

Inventory:

Hand Weapons
 a - a +0 falchion (weapon)
 e - a +0 vampiric short sword
Missiles
 B - 4 javelins (quivered)
Armour
 b - a +0 leather armour (worn)
 j - a +0 helmet (worn)
 r - a +0 scale mail
 v - a +0 cloak (worn)
 x - a +0 robe of magic resistance
Jewellery
 f - an uncursed amulet of guardian spirit
 p - an uncursed amulet of faith {unknown}
 u - an uncursed amulet of regeneration {unknown}
Scrolls
 g - a scroll of remove curse
 i - a scroll of enchant weapon {unknown}
 k - a scroll of fear
 o - a scroll of enchant armour {unknown}
 q - a scroll of fog
 s - 2 scrolls of teleportation {unknown}
 y - 2 scrolls of identify
 C - a scroll of magic mapping {unknown}
Potions
 h - a potion of heal wounds {unknown}
 l - a potion of curing {unknown}
 m - a potion of brilliance {unknown}
 w - a potion of agility {unknown}
 z - a potion of poison {unknown}
 A - a potion of mutation {unknown}
 E - a potion of degeneration {unknown}
Books
 c - a book of Battle

   Spells                             Type                      Level
   a - Infusion                       Charms                       1
   b - Shroud of Golubria             Charms/Translocation         2
   c - Song of Slaying                Charms                       2
   d - Spectral Weapon                Hexes/Charms                 3
   e - Regeneration                   Charms/Necromancy            3
Comestibles
 d - 4 bread rations
 n - a meat ration
 t - 3 fruits
 D - 4 chunks of flesh


   Skills:
 + Level 3.0 Fighting
 + Level 3.7 Long Blades
 + Level 2.3 Armour
 - Level 1.1 Dodging
 - Level 4.0 Spellcasting
 - Level 4.4 Charms
 - Level 1.2 Necromancy


You had 3 spell levels left.
You knew the following spells:

 Your Spells              Type           Power        Failure   Level  Hunger
a - Infusion              Chrm           ###...       3%          1    None
b - Shroud of Golubria    Chrm/Tloc      #.........   17%         2    ##.....
c - Regeneration          Chrm/Necr      ##........   24%         3    ###....
d - Spectral Weapon       Hex/Chrm       #.......     30%         3    ###....


Dungeon Overview and Level Annotations

Branches:
Dungeon (4/15)
 Temple: D:4-7

Altars:
Okawaru
Xom

Annotations:
D:3 Grinder; Musteatbrain's ghost, amateur DsFi
D:4 Menkaure


Message History

The orc convulses!
Your body is wracked with pain!
Something hits you but does no damage.
You escape the ball python's grasp.
You hear some strange, mumbled words.
A magic dart appears from out of thin air!
The magic dart hits you!
* * * LOW HITPOINT WARNING * * *
Something hits you but does no damage.
Casting: Shroud of Golubria
Confirm with . or Enter, or press ? or * to list all spells.
Your skin crawls.
Something hits you but does no damage.
Unknown command.
You hear some strange, mumbled words.
A puff of flame appears from out of thin air!
The puff of flame hits you!
* * * LOW HITPOINT WARNING * * *
You hear some strange, mumbled words.
A puff of flame appears from out of thin air!
The puff of flame hits you!
You die...

#..)......# #.#### #...#
##.....###.###....# #.###.##.
.......###........# #........
###.........o...o.# #####.##.
##...#########M## #.##. ##.## #S#
#.##. #.# #{# #.##. #.# #.#
###.### ##+# #@# #...# ##...##
#.# #.### ##.....## ##.## #.###
##.......## ##...# ##.#.##
#.........####<...########)....##
+.........'.....................[
#.........####....##.#####.#...##
#.......## ##.#.##.# ####'####
##.....## #...##.# #.......#


You could see Menkaure, an orc and a ball python.

Vanquished Creatures
  A phantom (D:4)
  A giant frog skeleton (D:4)
  Ijyb (D:3)
  An orc wizard (D:3)
  2 oozes
  A worm (D:2)
  2 giant geckos
  5 orcs
  A ball python (D:2)
  3 giant cockroaches
  2 hobgoblins (D:1)
  12 jackals
  3 kobolds
  A quokka (D:4)
  4 bats
  3 giant newts (D:3)
  15 goblins
  10 rats
68 creatures vanquished.

Notes
Turn   | Place    | Note
--------------------------------------------------------------
     0 | D:1      | Fyery the High Elf Skald began the quest for the Orb.
     0 | D:1      | Reached XP level 1. HP: 14/14 MP: 4/4
   122 | D:1      | Reached skill level 4 in Charms
   401 | D:1      | Reached XP level 2. HP: 19/19 MP: 3/6
   408 | D:1      | Learned a level 2 spell: Shroud of Golubria
  1162 | D:2      | Reached XP level 3. HP: 21/24 MP: 5/8
  1167 | D:2      | Learned a level 3 spell: Regeneration
  1196 | D:2      | Found a shimmering altar of Xom.
  1560 | D:3      | Found an iron altar of Okawaru.
  1581 | D:3      | Became a worshipper of Warmaster Okawaru
  1722 | D:3      | Noticed Musteatbrain's ghost (amateur DsFi)
  1751 | D:3      | Reached skill level 1 in Armour
  1788 | D:3      | Noticed Grinder
  2171 | D:3      | Noticed an ogre
  2421 | D:3      | Reached XP level 4. HP: 6/30 MP: 1/9
  2728 | D:3      | Noticed Ijyb
  2874 | D:3      | Killed Ijyb
  3345 | D:4      | Noticed a phantom
  3463 | D:4      | Killed a phantom
  3463 | D:4      | Reached skill level 1 in Necromancy
  3463 | D:4      | Reached XP level 5. HP: 26/36 MP: 0/12
  3468 | D:4      | Learned a level 3 spell: Spectral Weapon
  3771 | D:4      | Noticed Menkaure
  3870 | D:4      | Killed from afar by an orc wizard

Action                   |  1- 3 |  4- 6 || total
-------------------------+-------+-------++-------
Melee: Falchion          |   135 |   145 ||   280
 Cast: Infusion          |    22 |     9 ||    31
       Shroud of Golubri |     6 |     9 ||    15
       Regeneration      |       |     6 ||     6
  Use: Scroll            |     4 |       ||     4
  Eat: Chunk             |     5 |     6 ||    11
